Map: Emerald City LE

Players

Massa - Winner!

  • Race: Terran Terran
  • League: Platinum
  • Spawn Location: 5:00

qqq - Winner!

  • Race: Zerg Zerg
  • League: Platinum
  • Spawn Location: 5:00

sweKIRA

  • Race: Protoss Protoss
  • Spawn Location: 11:00

iado

  • Race: Terran Terran
  • League: Diamond
  • Spawn Location: 11:00

VOD

Have the link to the VOD?

Description

Time

  • Played on: Nov. 22, 2020, 6:25 a.m.
  • Length: 18:31
Show
View Real Time Build Order
Export as new Build Order

Massa Terran - Winner!

Build Orders:  

Get SALT Encoding   

  12  0:00  SCV  
  13  0:12  SCV  
  14  0:19  Supply Depot  
  14  0:24  SCV  
  15  0:33  Refinery  
  15  0:40  SCV  
  16  0:53  Barracks  
  16  0:55  SCV  
  17  1:07  SCV  
  18  1:19  Barracks  
  18  1:20  SCV  
  20  1:32  SCV  
  20  1:42  Reaper  
  21  1:54  Orbital Command  
  21  2:11  Command Center  
  20  2:51  SCV  
  19  3:03  SCV  
  19  3:09  Barracks Reactor  
  19  3:13  Factory  
  19  3:15  SCV  
  20  3:31  Orbital Command  
  20  3:32  SCV  
  21  3:41  Factory  
  21  3:44  SCV  
  21  3:46  Marine x2  
  24  3:52  Barracks Tech Lab  
  24  4:03  SCV x2, Marine  
  24  4:04  Marine  
  24  4:06  Factory Tech Lab  
  24  4:08  Starport  
  28  4:13  Marine  
  28  4:15  SCV x2  
  31  4:21  Marine x2  
  31  4:22  Refinery  
  33  4:26  Refinery, Factory Reactor  
  33  4:27  SCV x2  
  35  4:31  Marine  
  35  4:37  Refinery  
  36  4:39  SCV x2  
  36  4:44  Supply Depot  
  38  4:46  Supply Depot  
  38  4:49  Engineering Bay  
  38  5:06  SCV x2, Marine x2  
  45  5:08  Medivac  
  45  5:09  Liberator  
  47  5:15  Factory Tech Lab  
  47  5:17  Widow Mine  
  47  5:18  SCV x2  
  47  5:19  Marine  
  52  5:24  Marine  
  53  5:30  SCV, Terran Infantry Weapons Level 1  
  54  5:36  Supply Depot  
  54  5:39  Supply Depot  
  54  5:42  Supply Depot  
  54  5:57  Widow Mine, SCV x2, Siege Tank  
  54  6:01  Stimpack  
  61  6:09  SCV x2, Missile Turret  
  63  6:15  Missile Turret  
  63  6:18  Command Center  
  63  6:21  SCV x2  
  63  6:22  Siege Tank  
  68  6:33  SCV  
  51  7:43  Marauder, Marine x2  
  51  7:48  Siege Tank  
  51  7:49  Widow Mine  
  53  8:00  Marine  
  53  8:01  Marine  
  53  8:02  Barracks  
  53  8:03  Barracks x2, Medivac  
  53  8:04  Barracks, Marauder  
  53  8:05  Barracks, Liberator  
  62  8:11  Widow Mine  
  64  8:18  Marine  
  64  8:19  Marine  
  66  8:22  Armory  
  66  8:25  Terran Infantry Armor Level 1, Engineering Bay  
  66  8:26  Marauder  
  68  8:33  Medivac  
  70  8:35  SCV x2  
  70  8:36  Marine  
  70  8:38  Orbital Command  
  70  8:41  Siege Tank  
  76  8:43  Siege Tank  
  76  8:47  SCV x2, Marauder  
  76  8:48  Medivac  
  85  9:00  Barracks Reactor, Barracks Tech Lab  
  85  9:01  Barracks Reactor, Barracks Tech Lab  
  85  9:02  Barracks Tech Lab, Marine x2  
  86  9:03  Medivac  
  86  9:08  Marauder  
  91  9:17  Combat Shield  
  91  9:20  Marine x2  
  93  9:33  Supply Depot  
  93  9:36  Supply Depot  
  93  9:54  SCV x2, Marine, Siege Tank  
  93  9:55  Marauder  
  93  9:57  Refinery  
  93  9:58  SCV, Marauder x2  
  106  10:00  Refinery  
  106  10:04  Marauder, Marine  
  109  10:33  Terran Infantry Weapons Level 2, Supply Depot x3  
  109  10:37  Supply Depot  
  109  10:54  SCV, Marine x6  
  109  10:55  Widow Mine x2, SCV x2, Marauder x4  
  130  10:57  Supply Depot  
  130  10:59  Supply Depot  
  130  11:01  Supply Depot  
  130  11:05  Command Center, Supply Depot  
  130  11:07  SCV x3  
  133  11:12  Marine x5  
  133  11:16  Marauder  
  140  11:19  SCV x2, Marauder x2, Siege Tank  
  140  11:21  Marauder, Siege Tank  
  140  11:23  Supply Depot  
  154  11:26  Supply Depot  
  154  11:32  Liberator x2  
  160  11:37  Marauder  
  162  11:41  Marauder  
  164  11:53  Command Center  
  164  12:14  Liberator x2  
  170  12:25  Marauder x2, Marine  
  170  12:26  Marauder x2, Marine x4  
  183  12:32  SCV  
  183  12:33  SCV x2  
  186  12:44  SCV  
  186  12:45  SCV x2  
  186  12:46  Marauder  
  186  12:47  Marauder  
  193  12:53  Terran Vehicle And Ship Armor Level 1  
  193  12:54  Terran Infantry Armor Level 2, Terran Infantry Weapons Level 3  
  193  12:57  SCV x3  
  196  13:08  Planetary Fortress  
  196  13:09  SCV x3  
  199  13:14  Refinery  
  199  13:17  Refinery  
  199  13:21  SCV  
  200  13:27  Supply Depot  
  200  13:32  Smart Servos  
  200  13:35  Drilling Claws  
  200  13:51  Supply Depot  
  200  14:18  Supply Depot  
  200  14:24  Fusion Core  
  200  14:26  Concussive Shells  
  200  14:41  Supply Depot  
  200  14:49  Planetary Fortress  
  200  15:04  Supply Depot  
  200  15:13  Advanced Ballistics  
  200  15:26  Refinery, Supply Depot  
  200  15:28  Refinery  
  198  15:38  Terran Infantry Armor Level 3  
  198  15:39  Terran Vehicle And Ship Armor Level 2  
  182  16:33  Siege Tank x2  
  182  16:35  Marauder x4, Marine x2  
  191  16:52  Medivac x2  
  191  16:56  Marauder  
  193  17:05  Siege Tank x2  
  191  17:18  Marauder x4, Marine  
Show
View Real Time Build Order
Export as new Build Order

qqq Zerg - Winner!

Build Orders: Hatch First, Brood Lord Corruptor 

Get SALT Encoding   

  12  0:06  Drone  
  13  0:11  Drone  
  14  0:27  Overlord  
  14  0:44  Hatchery  
  14  0:48  Drone  
  15  0:57  Drone x2  
  15  1:02  Drone  
  17  1:22  Spawning Pool  
  16  1:26  Drone  
  16  1:31  Drone  
  18  1:40  Drone  
  18  1:44  Extractor  
  18  1:45  Drone  
  19  1:58  Drone  
  20  2:06  Drone  
  20  2:08  Drone x2  
  23  2:22  Queen  
  23  2:25  Drone  
  26  2:34  Queen  
  28  2:41  Overlord  
  28  2:47  Metabolic Boost  
  28  3:00  Zergling x2  
  28  3:01  Overlord  
  28  3:02  Drone  
  28  3:03  Drone, Zergling x2  
  33  3:05  Zergling x2  
  33  3:11  Zergling x2  
  34  3:21  Zergling x2  
  34  3:23  Zergling x2  
  34  3:25  Lair  
  34  3:27  Overlord  
  36  3:37  Zergling x6  
  36  3:38  Zergling x2  
  40  3:46  Zergling x2  
  40  3:47  Zergling x2  
  42  3:51  Zergling x2  
  43  3:56  Zergling x2  
  43  3:57  Zergling x2  
  43  3:58  Drone  
  46  4:07  Zergling x2  
  46  4:22  Zergling x6  
  46  4:23  Zergling x6  
  52  4:25  Hatchery  
  52  4:28  Overlord  
  48  4:40  Zergling x6  
  50  4:51  Zergling x2  
  50  4:52  Zergling x4  
  44  5:25  Zergling x2  
  44  5:26  Drone, Zergling x4  
  44  5:27  Drone x2  
  42  5:39  Drone x2  
  42  5:41  Drone  
  42  5:42  Spire  
  44  5:46  Drone  
  44  5:47  Drone, Extractor  
  44  5:49  Drone  
  46  5:50  Hatchery  
  46  5:56  Drone  
  46  5:58  Drone  
  47  6:07  Drone, Overlord  
  47  6:08  Drone x3, Hatchery  
  50  6:12  Drone x2  
  50  6:14  Drone  
  50  6:15  Drone  
  54  6:19  Overlord  
  54  6:22  Overlord  
  55  6:47  Drone x2  
  55  6:48  Drone x6  
  63  6:55  Extractor  
  63  6:57  Extractor  
  57  7:08  Mutalisk x5  
  54  7:11  Drone x2  
  54  7:12  Drone x2  
  66  7:22  Mutalisk  
  68  7:23  Overlord x2  
  68  7:24  Drone  
  68  7:25  Drone x4  
  73  7:43  Mutalisk x2  
  73  7:54  Mutalisk  
  73  7:55  Drone x3  
  73  7:56  Drone x5  
  62  8:12  Drone x2  
  64  8:13  Drone  
  64  8:14  Spine Crawler  
  64  8:15  Spine Crawler  
  64  8:17  Hatchery  
  62  8:33  Drone  
  62  8:34  Drone x2, Queen  
  65  8:39  Mutalisk x3  
  73  8:47  Infestation Pit  
  72  8:54  Zergling x4  
  72  8:55  Zergling x2  
  75  8:56  Zergling x8  
  75  8:57  Zergling x8  
  75  8:59  Extractor, Queen  
  75  9:00  Extractor  
  83  9:10  Spine Crawler  
  83  9:12  Spine Crawler  
  80  9:36  Hive  
  80  9:39  Overlord x3  
  80  9:40  Drone x5  
  80  9:41  Drone x2, Mutalisk x3  
  93  9:51  Drone  
  93  9:52  Drone x4  
  98  9:53  Spine Crawler x2  
  98  9:59  Mutalisk  
  90  10:00  Mutalisk x3  
  98  10:07  Mutalisk  
  98  10:09  Drone x4  
  93  10:40  Mutalisk x3  
  93  10:41  Mutalisk x2  
  101  10:43  Drone x8  
  101  10:44  Drone x2  
  101  10:48  Spine Crawler  
  110  10:51  Greater Spire  
  110  11:14  Spine Crawler  
  110  11:17  Spine Crawler  
  108  11:26  Hatchery  
  107  11:34  Drone x5  
  107  11:35  Drone x4, Corruptor x3  
  107  11:37  Corruptor  
  107  11:39  Hatchery  
  123  11:42  Corruptor  
  123  11:44  Overlord  
  123  11:45  Overlord  
  125  11:48  Corruptor  
  127  12:00  Corruptor x3  
  133  12:03  Overlord x2  
  133  12:04  Overlord  
  133  12:21  Drone  
  133  12:22  Drone x8  
  142  12:25  Extractor x2  
  142  12:28  Spine Crawler  
  139  12:30  Spine Crawler  
  139  12:32  Spine Crawler x5  
  139  12:33  Spine Crawler  
  127  12:41  Brood Lord x3  
  126  12:51  Drone x2  
  126  12:52  Drone x5  
  126  12:53  Drone  
  126  12:56  Brood Lord  
  136  12:59  Brood Lord  
  138  13:14  Drone x4  
  138  13:15  Corruptor x2  
  138  13:18  Brood Lord x2  
  150  13:21  Brood Lord  
  150  13:25  Brood Lord  
  154  13:28  Zerg Flyer Weapons Level 1  
  154  13:31  Zergling x2  
  154  13:32  Zergling x4  
  154  13:33  Corruptor  
  159  13:45  Drone x3  
  159  13:46  Drone x7  
  169  13:51  Extractor  
  168  13:58  Drone x2  
  168  14:00  Spine Crawler  
  168  14:01  Extractor, Spine Crawler  
  167  14:03  Drone x2  
  167  14:04  Drone x5  
  167  14:07  Corruptor  
  176  14:21  Drone  
  176  14:22  Drone, Corruptor x3  
  184  14:24  Brood Lord  
  184  14:27  Overlord x3  
  186  14:34  Spire  
  185  14:41  Extractor  
  185  14:45  Corruptor x3  
  184  14:46  Corruptor x2  
  184  14:50  Brood Lord  
  196  14:59  Spine Crawler  
  195  15:01  Spine Crawler  
  194  15:11  Drone  
  194  15:12  Drone x2  
  197  15:14  Spine Crawler  
  197  15:18  Spine Crawler, Brood Lord x2  
  199  15:21  Spine Crawler  
  199  15:22  Zerg Flyer Armor Level 1  
  198  15:29  Spine Crawler  
  198  15:32  Spine Crawler  
  196  15:40  Brood Lord x2  
  160  16:18  Corruptor x5  
  160  16:19  Corruptor x4  
  158  16:44  Pneumatized Carapace  
  158  16:47  Overseer  
  158  16:48  Overseer  
  158  16:49  Overseer x3, Corruptor x2  
  158  16:50  Corruptor x3  
  158  17:16  Brood Lord x3  
  158  17:17  Brood Lord x2  
  162  17:35  Corruptor x6  
  167  17:37  Drone x2  
  136  17:54  Corruptor x3  
  108  18:19  Drone x3  
  112  18:22  Extractor  
Show
View Real Time Build Order
Export as new Build Order

sweKIRA Protoss 

Build Orders:  

Get SALT Encoding   

  12  0:00  Probe  
  13  0:12  Probe  
  14  0:19  Pylon  
  14  0:24  Probe  
  15  0:39  Gateway  
  15  0:42  Probe  
  16  0:54  Probe  
  17  0:57  Assimilator  
  17  1:07  Probe  
  18  1:19  Probe  
  19  1:27  Cybernetics Core  
  19  1:49  Probe  
  19  1:51  Assimilator  
  20  2:06  Warp Gate  
  20  2:08  Probe  
  22  2:26  Nexus  
  22  2:30  Pylon  
  22  2:32  Stalker (Chrono Boost)  
  23  2:48  Probe  
  24  3:00  Probe  
  25  3:13  Robotics Facility  
  25  3:14  Twilight Council  
  25  3:15  Pylon  
  25  3:26  Gateway  
  25  3:30  Probe  
  26  3:42  Probe  
  26  3:45  Probe  
  28  3:54  Probe  
  29  4:02  Zealot  
  31  4:07  Probe x2  
  33  4:10  Immortal  
  37  4:19  Probe x2  
  39  4:28  Zealot x2  
  32  4:47  Probe  
  32  4:50  Zealot  
  32  5:02  Probe x2  
  34  5:09  Zealot  
  34  5:14  Probe x2  
  36  5:26  Probe  
  36  5:27  Zealot  
  39  5:32  Probe  
  40  5:38  Probe  
  41  5:44  Probe, Observer (Chrono Boost)  
  41  5:45  Pylon  
  41  5:49  Assimilator  
  43  5:50  Probe  
  43  5:56  Probe  
  45  5:58  Pylon  
  45  6:02  Probe  
  46  6:05  Charge (Chrono Boost), Pylon  
  46  6:08  Probe  
  47  6:15  Probe  
  47  6:18  Gateway x2  
  48  6:19  Zealot  
  48  6:20  Probe, Gateway  
  48  6:22  Immortal (Chrono Boost)  
  55  6:29  Gateway  
  55  6:32  Pylon  
  55  6:37  Gateway  
  55  6:49  Stalker  
  55  7:07  Probe x2  
  57  7:19  Probe x2  
  59  7:26  Assimilator  
  59  7:28  Zealot x3  
  59  7:29  Zealot x2  
  69  7:31  Probe x2  
  71  7:43  Probe  
  72  7:50  Zealot x3  
  78  7:57  Pylon  
  78  7:58  Pylon  
  76  7:59  Stalker x2  
  76  8:00  Blink (Chrono Boost)  
  76  8:01  Pylon  
  77  8:06  Pylon  
  69  8:26  Stalker x2  
  69  8:27  Stalker x2  
  69  8:29  Probe, Nexus  
  69  8:31  Pylon  
  74  8:56  Forge  
  74  8:59  Forge  
  74  9:03  Shield Battery  
  74  9:06  Gateway  
  74  9:08  Gateway, Stalker  
  76  9:11  Probe  
  76  9:12  Probe  
  78  9:27  Protoss Ground Weapons Level 1 (Chrono Boost)  
  78  9:30  Templar Archives  
  78  9:31  Protoss Ground Armor Level 1 (Chrono Boost)  
  78  9:37  Photon Cannon  
  78  9:42  Stalker x2  
  78  9:45  Probe x2  
  84  9:59  Zealot  
  86  10:00  Zealot x2  
  86  10:07  Stalker x3  
  92  10:10  Probe x2  
  98  10:26  Stalker x2  
  98  10:27  Stalker x2  
  106  10:43  Stalker  
  106  10:44  Stalker x2  
  106  10:49  Assimilator  
  112  10:51  Assimilator  
  112  10:56  Photon Cannon  
  112  10:58  Photon Cannon  
  112  11:01  High Templar x4  
  120  11:07  Archon x2  
  120  11:08  High Templar  
  120  11:09  High Templar  
  124  11:13  Pylon  
  124  11:15  Probe  
  124  11:16  Pylon  
  124  11:17  Pylon  
  125  11:20  Pylon  
  125  11:30  Psionic Storm  
  125  11:31  Probe x2, Protoss Ground Armor Level 2 (Chrono Boost)  
  127  11:38  Gateway  
  127  11:39  Gateway, Protoss Ground Weapons Level 2 (Chrono Boost)  
  127  11:44  Gateway  
  127  11:46  Gateway  
  127  11:48  Gateway  
  127  11:59  Robotics Bay  
  127  12:05  Probe x2  
  129  12:13  Stalker x2  
  129  12:14  Stalker x4  
  141  12:28  Nexus  
  141  12:30  Pylon  
  141  12:39  Dark Shrine  
  141  12:44  Extended Thermal Lance (Chrono Boost)  
  141  12:48  Colossus  
  147  12:58  Robotics Facility  
  147  13:09  Probe x3  
  150  13:21  Probe  
  150  13:24  High Templar x4  
  159  13:27  Colossus, Pylon  
  159  13:31  Pylon  
  159  13:32  Shield Battery  
  159  13:35  Shield Battery  
  159  13:36  Colossus, Photon Cannon  
  171  14:00  Robotics Facility  
  171  14:12  Protoss Ground Weapons Level 3  
  171  14:22  Pylon  
  171  14:25  Pylon  
  171  14:27  Protoss Ground Armor Level 3  
  171  14:29  Pylon  
  171  14:32  Colossus (Chrono Boost)  
  171  14:33  Probe x3  
  171  14:35  Assimilator  
  186  14:39  Assimilator  
  186  14:41  Colossus (Chrono Boost)  
  186  15:08  Colossus  
  186  15:13  Zealot  
  186  15:14  Zealot x3  
  182  16:02  Colossus, Warp Prism  
  182  16:03  Colossus  
  146  16:27  Stalker x4  
  146  16:28  Stalker x4  
  146  16:29  Stalker x3  
  132  17:06  Stalker  
  132  17:07  Stalker x4  
  132  17:08  Stalker x3  
  124  17:26  Stalker  
  124  17:28  Stalker  
  124  17:29  Stalker x2  
  128  17:30  Stalker x4  
  128  17:31  Stalker x3  
  122  17:51  Stalker x3  
  122  17:52  Stalker x2  
  122  17:53  Stalker x4  
Show
View Real Time Build Order
Export as new Build Order

iado Terran 

Build Orders: 2 Factory, Reaper Expand 

Get SALT Encoding   

  12  0:00  SCV  
  13  0:12  SCV  
  14  0:17  Supply Depot  
  14  0:24  SCV  
  15  0:39  Barracks  
  15  0:40  SCV  
  16  0:44  Refinery  
  16  0:52  SCV  
  17  1:04  SCV  
  18  1:17  SCV  
  19  1:30  Orbital Command  
  19  1:33  Reaper  
  20  1:47  Supply Depot  
  20  1:54  Command Center  
  20  2:04  Marine  
  20  2:07  SCV  
  22  2:09  Refinery  
  22  2:23  SCV  
  22  2:24  Marine  
  23  2:35  SCV  
  23  2:42  Marine  
  23  2:57  SCV  
  23  3:09  SCV  
  23  3:11  Orbital Command  
  24  3:14  Factory  
  24  3:19  Factory  
  24  3:22  SCV  
  25  3:27  Orbital Command  
  25  3:30  Barracks Tech Lab  
  25  3:34  SCV  
  26  3:43  Engineering Bay  
  26  3:46  SCV  
  26  4:02  Factory Reactor  
  26  4:10  SCV  
  27  4:22  SCV  
  27  4:23  Siege Tank  
  30  4:34  SCV  
  31  4:46  SCV  
  31  4:49  SCV  
  33  4:53  Hellion x2  
  33  4:58  SCV  
  38  5:01  SCV  
  38  5:02  Siege Tank  
  37  5:10  SCV  
  37  5:14  Hellion x2  
  41  5:22  SCV  
  42  5:30  SCV  
  42  5:34  Siege Tank  
  46  5:36  Command Center  
  46  5:40  Missile Turret  
  46  5:45  Missile Turret  
  46  5:47  Supply Depot  
  46  5:48  Supply Depot  
  46  5:49  Supply Depot  
  46  6:05  Missile Turret  
  46  6:09  SCV, Hellion x2, Siege Tank  
  46  6:10  SCV  
  55  6:21  SCV  
  55  6:22  SCV  
  57  6:31  Hellion x2  
  61  6:33  SCV, Barracks  
  61  6:34  SCV  
  63  6:40  Armory x2  
  63  6:41  Hellion  
  63  6:45  SCV  
  63  6:46  SCV  
  65  6:52  Hellion  
  66  6:57  SCV  
  66  6:58  SCV  
  63  7:10  SCV  
  64  7:20  Hellion x3  
  51  8:02  Thor  
  51  8:04  Widow Mine x2  
  58  8:07  Terran Vehicle And Ship Armor Level 1, Terran Vehicle Weapons Level 1  
  58  8:10  Factory  
  58  8:11  Factory  
  58  8:16  Refinery  
  58  8:19  Refinery  
  58  8:25  Widow Mine x2  
  62  8:35  Missile Turret x2  
  62  8:36  Refinery  
  62  8:37  Refinery  
  62  8:55  Factory Tech Lab  
  62  8:56  Factory Tech Lab, Siege Tank  
  62  8:59  Hellion x2  
  69  9:03  Supply Depot  
  69  9:05  SCV, Supply Depot  
  69  9:06  SCV  
  69  9:07  Planetary Fortress  
  71  9:18  SCV x2  
  71  9:21  Hellion x2  
  71  9:26  Supply Depot  
  71  9:28  Siege Tank  
  71  9:29  Thor, Supply Depot  
  71  9:30  SCV x2  
  82  9:42  SCV x2, Hellion x2  
  88  9:50  Supply Depot  
  88  9:54  SCV x2  
  90  10:04  Infernal Pre-Igniter  
  90  10:06  SCV x2, Siege Tank x2  
  98  10:07  Hellion x2  
  98  10:12  Siege Tank  
  93  10:28  Hellion  
  93  10:29  Hellion  
  94  10:38  Hellion x2  
  98  10:44  SCV x2  
  98  10:45  Missile Turret  
  98  10:49  Missile Turret  
  100  10:52  Thor  
  100  10:56  SCV x2, Hellion  
  110  10:59  Thor  
  116  11:05  Missile Turret  
  116  11:08  SCV x2  
  118  11:20  SCV  
  119  11:27  Siege Tank  
  119  11:29  Hellion  
  124  11:34  SCV  
  125  11:41  Terran Vehicle Weapons Level 2  
  125  11:46  Terran Vehicle And Ship Armor Level 2  
  125  11:56  Hellion  
  125  12:07  SCV x2  
  123  12:08  Siege Tank  
  120  12:19  SCV  
  120  12:21  Hellion x2  
  125  12:25  Thor  
  125  12:28  Command Center  
  131  12:43  Hellion  
  133  12:47  Hellion  
  133  12:49  Thor  
  131  12:57  Thor, Supply Depot  
  137  12:59  Supply Depot x2  
  137  13:02  Starport  
  137  13:13  Siege Tank  
  137  13:19  Hellion x2  
  144  13:29  Command Center  
  144  13:32  Siege Tank  
  147  13:40  Siege Tank  
  147  13:41  Hellion x2  
  154  13:45  Siege Tank  
  153  14:02  Hellion  
  151  14:04  Siege Tank  
  154  14:12  Widow Mine, Thor  
  154  14:15  Drilling Claws  
  154  14:16  Thor  
  162  14:23  Widow Mine  
  170  14:29  Starport Reactor  
  170  14:30  Thor  
  170  14:58  Thor  
  170  14:59  Thor x2  
  188  15:00  Widow Mine x2  
  192  15:22  Widow Mine  
  194  15:44  Siege Tank  
  194  15:46  Widow Mine, Siege Tank  
  194  15:47  Widow Mine  
  168  16:07  Widow Mine  
  161  16:15  Thor  
  161  16:16  Thor  
  161  16:18  Thor  
  161  16:23  Planetary Fortress  
  161  16:24  SCV x2  
  169  16:26  Viking x2  
  169  16:29  Widow Mine x2  
  159  16:58  Siege Tank  
  159  16:59  Siege Tank  
  162  17:01  Siege Tank  
  117  17:28  Viking  
  117  17:29  Viking  
  115  17:31  Siege Tank x2  
  115  17:33  Siege Tank  
  105  17:58  Viking  
  105  17:59  Viking  
Tags
 
Add a new tag
Caveats
  • Supply blocks, unpowered buildings, or Contaminate may cause inaccurate times.
  • Supply counts are checked every 10 seconds.